 Dungeon Crawl Stone Soup version 0.27.0 (webtiles) character file.

Game seed: 14138883256513209118

57 Raultor the Skirmisher (level 3, 0/28 HPs)
             Began as a Demonspawn Gladiator on July 30, 2021.
             Slain by Natasha (2 damage)
             ... on level 2 of the Dungeon.
             The game lasted 00:01:28 (1515 turns).

Raultor the Skirmisher (Demonspawn Gladiator)       Turns: 1515, Time: 00:01:28

Health: 0/28       AC:  5    Str: 15    XL:     3   Next: 73%
Magic:  3/3        EV: 12    Int:  9    God:
Gold:   63         SH:  0    Dex: 14    Spells: 2/2 levels left

rFire    . . .     SeeInvis .   a - +0 long sword
rCold    . . .     Faith    .   (no shield)
rNeg     . . .     Spirit   .   g - +0 ring mail
rPois    .         Reflect  .   (helmet restricted)
rElec    .         Harm     .   (no cloak)
rCorr    .         Rampage  .   (no gloves)
Will     .....                  (no boots)
Stlth    +.........             (no amulet)
HPRegen  0.09/turn              (no ring)
MPRegen  0.08/turn              (no ring)

@: no status effects
A: antennae 1, sturdy frame 1
a: no special abilities


You were on level 2 of the Dungeon.
You visited 1 branch of the dungeon, and saw 2 of its levels.

You collected 63 gold pieces.


Innate Abilities, Weirdness & Mutations

You have a pair of small antennae on your head.
Your movements are slightly less encumbered by armour. (ER -2)


   Skills:
 - Level 2.7 Fighting
 + Level 2.5(3.1) Short Blades
 - Level 2.6(3.2) Long Blades
 - Level 1.7 Throwing
 - Level 2.6 Dodging


You had 2 spell levels left.
You didn't know any spells.
Your spell library contained the following spells:

 Spells                   Type           Power      Damage    Failure   Level
 Magic Dart               Conj           0%         1d3       50%         1
 Sandblast                Erth           0%         2d4       50%         1
 Passwall                 Tmut/Erth      0%         N/A       65%         2
 Searing Ray              Conj           0%         3d3       65%         2
 Fulminant Prism          Conj/Hex       0%         3d6       99%         4
 Lee's Rapid Deconstruct  Erth           0%         3d5*      100%        5

Inventory:

Hand Weapons
 a - a +0 long sword (weapon)
Missiles
 d - 3 throwing nets (quivered) {=f}
Armour
 b - a +0 leather armour
 c - a +0 helmet
 g - a +0 ring mail (worn)
Scrolls
 e - a scroll of holy word {unknown}
 f - 2 scrolls of blinking {unknown}
 i - a scroll of teleportation {unknown}
 j - a scroll of identify {unknown}
Potions
 h - a potion of curing {unknown}

Dungeon Overview and Level Annotations

Branches:
Dungeon (2/15)

Altars:

Annotations:
D:2 Natasha

.# #.# .# #.# #.# ... ...
#.# #.# # #.# #.# #.###.#
#.# ####### #..h@.###.#
#.....#
#....))...###.....# #
............†........+..
###.!.....######.....#.#
.........# #........
###.......# #........
######### #........
###......
###################.####.


You could see Natasha.


Message History

You feel yourself speed up.
Natasha, Servant of Life and Death comes into view.
Natasha howls an incantation.
Natasha shimmers violently.
You closely miss Natasha. Natasha barely misses you.
You closely miss Natasha. Natasha claws you but does no damage.
You hit Natasha.
Natasha is lightly wounded.
Natasha claws you!
You closely miss Natasha.
Natasha is lightly wounded.
Natasha claws you!
* * * LOW HITPOINT WARNING * * *
Natasha claws you.
* * * LOW HITPOINT WARNING * * *
You are too injured to fight recklessly!
You are too injured to fight recklessly!
Unknown command.
You hit Natasha.
Natasha is lightly wounded.
Natasha claws you.
* * * LOW HITPOINT WARNING * * *
You hit Natasha.
Natasha is heavily wounded.
Natasha claws you.
* * * LOW HITPOINT WARNING * * *
You hit Natasha.
Natasha is almost dead.
Natasha claws you.
You die...

Skill      XL: |  1  2  3 |
---------------+----------+-----
Short Blades   | 1 2 |  2.5
Fighting       | |  2.7
Long Blades    | |  2.6
Throwing       | |  1.7
Dodging        | |  2.6

Action                   || total
-------------------------++-------
Melee: Long sword        ||    87
 Stab: Distracted        ||     1
Armor: Leather armour    ||     5
       Ring mail         ||    28
Dodge: Dodged            ||    64
       Rpst.: Long sword ||    14

Levels and vault maps discovered:
D:1:      nicolae_arrival_washed_ashore, layout_loops_ring
D:2:      cheibrodos_helix_gallery, layout_basic, minmay_pentomino_p2,
          uniq_natasha, uniq_terence

Notes
Turn   | Place    | Note
-------+----------+-------------------------------------------
     0 | D:1      | Raultor the Demonspawn Gladiator began the quest for the
                  | Orb.
     0 | D:1      | Reached XP level 1. HP: 16/16 MP: 1/1
   172 | D:1      | Gained mutation: You have a pair of small antennae on your
                  | head. [demonic ancestry]
   172 | D:1      | Reached XP level 2. HP: 7/23 MP: 2/2
   629 | D:1      | Reached skill level 1 in Short Blades
  1259 | D:2      | Gained mutation: Your movements are slightly less
                  | encumbered by armour. (ER -2) [demonic ancestry]
  1259 | D:2      | Reached XP level 3. HP: 28/28 MP: 3/3
  1401 | D:2      | Noticed Natasha
  1409 | D:2      | Killed Natasha
  1410 | D:2      | Reached skill level 2 in Short Blades
  1507 | D:2      | Noticed Natasha
  1514 | D:2      | HP: 2/28 [Natasha (4)]
  1515 | D:2      | Slain by Natasha

Vanquished Creatures
  Natasha (D:2)
  3 ball pythons (D:1)
  An endoplasm (D:1)
  A giant cockroach (D:1)
  7 goblins
  A hobgoblin (D:1)
  4 jackals (D:1)
  2 quokkas (D:1)
  3 bats
  2 frilled lizards (D:1)
  2 kobolds
  4 rats
31 creatures vanquished.

Table legend: (Time is in decaauts)
 A = Elapsed time spent in this place.
 B = Non-inter-level travel time spent in this place.
 C = Inter-level travel time spent in this place.
 D = Time resting spent in this place.
 E = Time spent auto-exploring this place.
 F = Levels seen in this place.
 G = Mean time per level.
                   A        B        C        D        E       F      G
               +--------+--------+--------+--------+--------+-----+--------+
         Total |   1548 |   1478 |     70 |      0 |   1261 |   2 |  774.0 |
       Dungeon |   1548 |   1478 |     70 |      0 |   1261 |   2 |  774.0 |
               +--------+--------+--------+--------+--------+-----+--------+

Top non-repeatable levels by time:
     D:1: 1250 daAuts
     D:2: 297 daAuts

Table legend:
 A = Non-vault XP
 B = Vault XP
 C = Vault XP percentage of total XP
 D = Non-vault monster count
 E = Vault monster count
 F = Vault count percentage of total count
                 A         B        C        D         E       F
            +---------+---------+-------+---------+---------+-------
      Total |      45 |      37 |  45.1 |      28 |       3 |   9.7
            +---------+---------+-------+---------+---------+-------
        D:1 |      37 |       0 |   0.0 |      23 |       0 |   0.0
        D:2 |       8 |      37 |  82.2 |       5 |       3 |  37.5
            +---------+---------+-------+---------+---------+-------
